APL (24 & UNDER)
STATE COLLEGE SPIKES @ ATHENS ASSASSINS
09/23/2027
 
TOP OF THE 1ST
State College Spikes batting - Pitching for Athens Assassins : RHP Júlio Lucchi
Pitching: RHP Júlio Lucchi
Batting: RHB Luis Ortega 0-0: Ball
1-0: Ball
2-0: Ball
3-0: Called Strike
3-1: Foul Ball, location: 2F
3-2: Ground out 4-3 (Groundball, 4)
Batting: RHB Piotr Zahn 0-0: Called Strike
0-1: Ball
1-1: Fly out, F6 (Line Drive, 6)
Batting: RHB Tony Parker 0-0: Called Strike
0-1: Foul Ball, location: 2F
0-2: Ball
1-2: SINGLE (Groundball, 34D)
Batting: RHB Alonzo Herrera 0-0: Ball
1-0: Ball
2-0: TRIPLE (Flyball, 89XD)
Tony Parker scores
Batting: LHB Phil Neal 0-0: Ball
1-0: Foul Ball, location: 2F
1-1: SINGLE (Line Drive, 6MD)
Alonzo Herrera scores
Batting: RHB Pedro Echevarría 0-0: Foul Ball, location: 2F
0-1: Hit by Pitch
Phil Neal to second
Batting: RHB Will Stafford 0-0: Fielders Choice at 2nd, 6-4 (Groundball, 6)
Top of the 1st over - 2 run(s), 3 hit(s), 0 error(s), 1 left on base; State College 2 - Athens 0
BOTTOM OF THE 1ST
Athens Assassins batting - Pitching for State College Spikes : RHP Germán Hernández
Pitching: RHP Germán Hernández
Batting: RHB John Jones 0-0: Ball
1-0: Foul Ball, location: 2F
1-1: Foul Ball, location: 2F
1-2: Foul Ball, location: 2F
1-2: Strikes out swinging
Batting: RHB Jorge Loanos 0-0: Called Strike
0-1: SINGLE (Groundball, 56S) (infield hit)
Batting: RHB Foster Hapgood 0-0: Ball
Jorge Loanos is caught stealing 2nd base
1-0: Ball
2-0: Ball
3-0: Called Strike
3-1: Ground out 4-3 (Groundball, 4M)
Bottom of the 1st over - 0 run(s), 1 hit(s), 0 error(s), 0 left on base; State College 2 - Athens 0
TOP OF THE 2ND
State College Spikes batting - Pitching for Athens Assassins : RHP Júlio Lucchi
Batting: LHB Wally Harris 0-0: Swinging Strike
0-1: Ball
1-1: Ball
2-1: Called Strike
2-2: Strikes out swinging
Batting: LHB Burt Ward 0-0: Foul Ball, location: 2F
0-1: Ball
1-1: Foul Ball, location: 2F
1-2: Strikes out swinging
Batting: RHB Luis Ortega 0-0: Ball
1-0: Foul Ball, location: 2F
1-1: Fly out, F9 (Flyball, 9S)
Top of the 2nd over - 0 run(s), 0 hit(s), 0 error(s), 0 left on base; State College 2 - Athens 0
BOTTOM OF THE 2ND
Athens Assassins batting - Pitching for State College Spikes : RHP Germán Hernández
Batting: RHB Britt Short 0-0: Foul Ball, location: 2F
0-1: Ball
1-1: Fly out, F6 (Popup, 6S)
Batting: RHB Don Martin 0-0: Ball
1-0: Ball
2-0: Ball
3-0: Swinging Strike
3-1: Foul Ball, location: 2F
3-2: SINGLE (Line Drive, 34D)
Batting: RHB Júlio Castillo 0-0: Ball
1-0: Fly out, F7 (Line Drive, 7)
Batting: RHB James Anderson 0-0: Ball
1-0: Swinging Strike
1-1: Called Strike
1-2: Strikes out swinging
Bottom of the 2nd over - 0 run(s), 1 hit(s), 0 error(s), 1 left on base; State College 2 - Athens 0
TOP OF THE 3RD
State College Spikes batting - Pitching for Athens Assassins : RHP Júlio Lucchi
Batting: RHB Piotr Zahn 0-0: Called Strike
0-1: Ball
1-1: DOUBLE (Line Drive, 7D)
Batting: RHB Tony Parker 0-0: Foul Ball, location: 2F
0-1: Ball
1-1: Called Strike
1-2: Ball
2-2: Strikes out swinging
Batting: RHB Alonzo Herrera 0-0: Called Strike
0-1: Foul Ball, location: 2F
0-2: Strikes out swinging
Batting: LHB Phil Neal 0-0: Ball
1-0: Ground out 6-3 (Groundball, 6)
Top of the 3rd over - 0 run(s), 1 hit(s), 0 error(s), 1 left on base; State College 2 - Athens 0
BOTTOM OF THE 3RD
Athens Assassins batting - Pitching for State College Spikes : RHP Germán Hernández
Batting: RHB Maximino Abbado 0-0: Ball
1-0: Fly out, F8 (Flyball, 8RM)
Batting: RHB Alfonso Flores 0-0: Ball
1-0: Called Strike
1-1: Called Strike
1-2: Foul Ball, location: 2F
1-2: Strikes out swinging
Batting: RHB John Jones 0-0: Swinging Strike
0-1: Called Strike
0-2: Ball
1-2: Foul Ball, location: 2F
1-2: SINGLE (Line Drive, 6)
Batting: RHB Jorge Loanos 0-0: Ball
1-0: Ball
2-0: Ball
3-0: Base on Balls
John Jones to second
Batting: RHB Foster Hapgood 0-0: Called Strike
0-1: Ball
1-1: Ball
2-1: Foul Ball, location: 2F
2-2: DOUBLE (Flyball, 89XD)
John Jones scores
Jorge Loanos to third
Batting: RHB Britt Short 0-0: Ground out 5-3 (Groundball, 56S)
Bottom of the 3rd over - 1 run(s), 2 hit(s), 0 error(s), 2 left on base; State College 2 - Athens 1
TOP OF THE 4TH
State College Spikes batting - Pitching for Athens Assassins : RHP Júlio Lucchi
Batting: RHB Pedro Echevarría 0-0: Ground out U3 (Groundball, 34)
Batting: RHB Will Stafford 0-0: Foul Ball, location: 2F
0-1: Foul Ball, location: 2F
0-2: Foul Ball, location: 2F
0-2: Strikes out looking
Batting: LHB Wally Harris 0-0: Ball
1-0: Ball
2-0: Ball
3-0: Base on Balls
Batting: LHB Burt Ward 0-0: Ball
1-0: Foul Ball, location: 2F
1-1: Ball
2-1: Ball
3-1: Swinging Strike
3-2: Fly out, F7 (Flyball, 7S)
Top of the 4th over - 0 run(s), 0 hit(s), 0 error(s), 1 left on base; State College 2 - Athens 1
BOTTOM OF THE 4TH
Athens Assassins batting - Pitching for State College Spikes : RHP Germán Hernández
Batting: RHB Don Martin 0-0: Ball
1-0: Foul Ball, location: 2F
1-1: Ball
2-1: Ball
3-1: Base on Balls
Batting: RHB Júlio Castillo 0-0: Ball
1-0: Foul Ball, location: 2F
1-1: Ball
2-1: Ball
3-1: Called Strike
3-2: Fly out, F3 (Line Drive, 34S)
Batting: RHB James Anderson 0-0: Called Strike
0-1: Ball
1-1: Foul Ball, location: 2F
1-2: Ball
2-2: Strikes out swinging
Batting: RHB Maximino Abbado 0-0: Ball
1-0: Ball
2-0: Foul Ball, location: 2F
2-1: Hit by Pitch
Don Martin to second
Batting: RHB Alfonso Flores 0-0: Ball
1-0: Ball
2-0: Foul Ball, location: 2F
2-1: Ball
3-1: Swinging Strike
3-2: Foul Ball, location: 2F
3-2: Ground out U3 (Groundball, 34)
Bottom of the 4th over - 0 run(s), 0 hit(s), 0 error(s), 2 left on base; State College 2 - Athens 1
TOP OF THE 5TH
State College Spikes batting - Pitching for Athens Assassins : RHP Júlio Lucchi
Batting: RHB Luis Ortega 0-0: Swinging Strike
0-1: SINGLE (Line Drive, 9S)
Batting: RHB Piotr Zahn 0-0: Ball
1-0: Ball
2-0: Ball
3-0: Called Strike
3-1: Called Strike
3-2: Strikes out swinging
Batting: RHB Tony Parker 0-0: Ball
1-0: Ball
2-0: SINGLE (Groundball, 56D)
Luis Ortega to second
Batting: RHB Alonzo Herrera 0-0: DOUBLE (Flyball, 89D)
Luis Ortega scores
Tony Parker to third
Batting: LHB Phil Neal 0-0: Called Strike
0-1: Ball
1-1: Ball
2-1: Ball
3-1: Foul Ball, location: 2F
3-2: Foul Ball, location: 2F
3-2: Foul Ball, location: 2F
3-2: Foul Ball, location: 2F
3-2: Base on Balls
Batting: RHB Pedro Echevarría 0-0: Called Strike
0-1: Foul Ball, location: 2F
0-2: Ball
1-2: Foul Ball, location: 2F
1-2: Foul Ball, location: 2F
1-2: SINGLE (Line Drive, 56D)
Tony Parker scores
Alonzo Herrera to third
Phil Neal to second
Runner from 3rd tries for Home, SAFE, no throw
Pitching: RHP José Arévalo
Batting: RHB Will Stafford 0-0: Called Strike
0-1: Swinging Strike
0-2: Strikes out swinging
Batting: LHB Wally Harris 0-0: SINGLE (Groundball, 5D)
Phil Neal to third
Pedro Echevarría to second
Runner from 3rd tries for Home, SAFE, throw made home
Pedro Echevarría to third
Wally Harris to second
Batting: LHB Burt Ward 0-0: Swinging Strike
0-1: Ball
1-1: Ball
2-1: Called Strike
2-2: Strikes out swinging
Top of the 5th over - 4 run(s), 5 hit(s), 0 error(s), 2 left on base; State College 6 - Athens 1
BOTTOM OF THE 5TH
Athens Assassins batting - Pitching for State College Spikes : RHP Germán Hernández
Batting: RHB John Jones 0-0: Ground out 5-3 (Groundball, 5)
Batting: RHB Jorge Loanos 0-0: Ball
1-0: Ball
2-0: Ground out 1-3 (Groundball, 13)
Batting: RHB Foster Hapgood 0-0: Ball
1-0: Called Strike
1-1: Foul Ball, location: 2F
1-2: Ground out 5-3 (Groundball, 56S)
Bottom of the 5th over - 0 run(s), 0 hit(s), 0 error(s), 0 left on base; State College 6 - Athens 1
TOP OF THE 6TH
State College Spikes batting - Pitching for Athens Assassins : RHP José Arévalo
Batting: RHB Luis Ortega 0-0: Fly out, F9 (Flyball, 89M)
Batting: RHB Piotr Zahn 0-0: SOLO HOME RUN (Flyball, 7D), Distance : 371 ft
Batting: RHB Tony Parker 0-0: Ball
1-0: Foul Ball, location: 2F
1-1: Called Strike
1-2: Ball
2-2: Foul Ball, location: 2F
2-2: Ball
3-2: Foul Ball, location: 2F
3-2: Base on Balls
Batting: RHB Alonzo Herrera 0-0: Called Strike
0-1: Called Strike
0-2: Ball
1-2: Ball
2-2: Ball
3-2: Grounds into double play, 4-6-3 (Groundball, 4)
Top of the 6th over - 1 run(s), 1 hit(s), 0 error(s), 0 left on base; State College 7 - Athens 1
BOTTOM OF THE 6TH
Athens Assassins batting - Pitching for State College Spikes : RHP Germán Hernández
Pitching: RHP Mark Osborne
Batting: RHB Britt Short 0-0: Called Strike
0-1: Ball
1-1: Ball
2-1: Fly out, F8 (Flyball, 8LXD)
Batting: RHB Don Martin 0-0: Swinging Strike
0-1: Called Strike
0-2: Ball
1-2: Foul Ball, location: 2F
1-2: Ground out 1-3 (Groundball, P)
Batting: RHB Júlio Castillo 0-0: Ball
1-0: Called Strike
1-1: Foul Ball, location: 2F
1-2: Ball
2-2: Foul Ball, location: 2F
2-2: Strikes out looking
Bottom of the 6th over - 0 run(s), 0 hit(s), 0 error(s), 0 left on base; State College 7 - Athens 1
TOP OF THE 7TH
State College Spikes batting - Pitching for Athens Assassins : RHP José Arévalo
Batting: LHB Phil Neal 0-0: Ball
1-0: Foul Ball, location: 2F
1-1: Hit by Pitch
Batting: RHB Pedro Echevarría 0-0: 2-RUN HOME RUN (Flyball, 78XD), Distance : 396 ft
Batting: RHB Will Stafford 0-0: Called Strike
0-1: Ball
1-1: Ground out 6-3 (Groundball, 6)
Batting: LHB Wally Harris 0-0: Ball
1-0: Fly out, F7 (Line Drive, 7S)
Batting: LHB Burt Ward 0-0: Called Strike
0-1: Ball
1-1: Called Strike
1-2: Ball
2-2: Ball
3-2: Foul Ball, location: 2F
3-2: Base on Balls
Batting: RHB Luis Ortega 0-0: Called Strike
Burt Ward steals 2nd base
0-1: Foul Ball, location: 2F
0-2: Ball
1-2: Strikes out swinging
Top of the 7th over - 2 run(s), 1 hit(s), 0 error(s), 1 left on base; State College 9 - Athens 1
BOTTOM OF THE 7TH
Athens Assassins batting - Pitching for State College Spikes : RHP Mark Osborne
Batting: RHB James Anderson 0-0: Called Strike
0-1: Foul Ball, location: 2F
0-2: Strikes out swinging
Batting: RHB Maximino Abbado 0-0: Ball
1-0: Foul Ball, location: 2F
1-1: Ground out 5-3 (Groundball, 56)
Batting: RHB Alfonso Flores 0-0: Called Strike
0-1: Ball
1-1: Foul Ball, location: 2F
1-2: Ball
2-2: Strikes out swinging
Bottom of the 7th over - 0 run(s), 0 hit(s), 0 error(s), 0 left on base; State College 9 - Athens 1
TOP OF THE 8TH
State College Spikes batting - Pitching for Athens Assassins : RHP José Arévalo
Batting: RHB Piotr Zahn 0-0: SINGLE (Flyball, 8RS)
Batting: RHB Tony Parker 0-0: Swinging Strike
0-1: Ball
1-1: Foul Ball, location: 2F
1-2: Foul Ball, location: 2F
1-2: Foul Ball, location: 2F
1-2: Ball
2-2: Strikes out looking
Batting: RHB Alonzo Herrera 0-0: Called Strike
0-1: Ball
1-1: Fly out, F3 (Popup, 3)
Batting: LHB Phil Neal 0-0: Ball
1-0: Foul Ball, location: 2F
1-1: Foul Ball, location: 2F
1-2: Foul Ball, location: 2F
1-2: Fly out, F3 (Line Drive, 3)
Top of the 8th over - 0 run(s), 1 hit(s), 0 error(s), 1 left on base; State College 9 - Athens 1
BOTTOM OF THE 8TH
Athens Assassins batting - Pitching for State College Spikes : RHP Mark Osborne
Now at 1B: Millard Walker
Batting: RHB John Jones 0-0: Ball
1-0: Foul Ball, location: 2F
1-1: Fly out, F8 (Flyball, 8LM)
Batting: RHB Jorge Loanos 0-0: Swinging Strike
0-1: Ball
1-1: Ball
2-1: Ball
3-1: Foul Ball, location: 2F
3-2: Strikes out swinging
Batting: RHB Foster Hapgood 0-0: Ball
1-0: Swinging Strike
1-1: Foul Ball, location: 2F
1-2: Foul Ball, location: 2F
1-2: Fly out, F6 (Popup, 6)
Bottom of the 8th over - 0 run(s), 0 hit(s), 0 error(s), 0 left on base; State College 9 - Athens 1
TOP OF THE 9TH
State College Spikes batting - Pitching for Athens Assassins : RHP José Arévalo
Pitching: RHP James Mantle
Batting: RHB Pedro Echevarría 0-0: Ball
1-0: Foul Ball, location: 2F
1-1: Called Strike
1-2: Ball
2-2: Strikes out looking
Batting: RHB Will Stafford 0-0: SINGLE (Line Drive, 4D)
Batting: LHB Wally Harris 0-0: Ball
1-0: Foul Ball, location: 2F
1-1: Called Strike
1-2: Ball
2-2: Ball
3-2: Reached on error, E6 (Groundball, 6)
Will Stafford to second
Batting: LHB Burt Ward 0-0: Ground out 3-1 (Groundball, 34S)
Will Stafford to third
Wally Harris to second
Batting: RHB Luis Ortega 0-0: Ball
1-0: Ground out 5-3 (Groundball, 5)
Top of the 9th over - 0 run(s), 1 hit(s), 1 error(s), 2 left on base; State College 9 - Athens 1
BOTTOM OF THE 9TH
Athens Assassins batting - Pitching for State College Spikes : RHP Mark Osborne
Now at 3B: Julián Garza
Batting: RHB Britt Short 0-0: Ball
1-0: Called Strike
1-1: Ball
2-1: Ball
3-1: Base on Balls
Batting: RHB Don Martin 0-0: Ball
1-0: Grounds into double play, 6-4-3 (Groundball, 6)
Batting: RHB Júlio Castillo 0-0: Ball
1-0: Ball
2-0: Ground out 4-3 (Groundball, 4S)
Bottom of the 9th over - 0 run(s), 0 hit(s), 0 error(s), 0 left on base; State College 9 - Athens 1
Thursday, March 30th, 2017 - OOTP Baseball 17.12 Build 75